AoeStats
← 帝国的铁汉

Migration

508838458Analyzed
1v1 RM · 8d ago on Sep 24, 2026· 30m 22s· 2 players
Game mode
Random Map
Map size
132×132
Population
200
Speed
Normal
Resources
Standard
Victory
Conquest
Starting age
Dark Age
Ending age
Imperial Age
RankedLock teamsTeams togetherTeam positionsShared explorationLock speedFull tech treeHidden civsTurbo modeCheats
Victory
Defeat
🇨🇳 Bulgarians · China
1745
+12
🇨🇳 Danes · China
1651
-12
帝国的铁汉
11:22 Feudal Age
11:14 Loom
15:11 Castle Age
14:07 Loom
14:46 Double-Bit Axe
15:11 Scale Mail Armor
15:09 Fishing Lines
15:56 Squires
25:57 Wheelbarrow
25:33 Fletching
26:39 Arson
30:06 Chain Mail Armor
はちみ
12:04 Feudal Age
15:43 Castle Age
13:48 Double-Bit Axe
14:47 Fishing Lines
16:16 Forging
16:05 Loom
16:58 Scale Mail Armor
18:47 Bow Saw
18:22 Horse Collar
19:11 Squires
21:21 Stone Mining
24:46 Wheelbarrow
26:30 Town Watch
28:04 Hand Cart
31:28 Imperial Age
29:47 Scale Barding Armor
29:53 Fletching
29:59 Gold Mining
Connection lost

Rejoining the realm…

Still unreachable

The connection could not be restored.

Session expired

The server has moved on; the page needs a fresh start.